Build Orders - reakly struggles when not ghosting - cohdb - Company of Heroes 3 Replays
cohdb
Replays
Latest Replays
All Replays
Popular Replays
Top Player Replays
Match Explorer
How It Works
Community
CoH3 Stats
Reddit
Sign in to upload your games and track your stats! →
Sign in with Steam
reakly struggles when not ghosting
Match 27583881
Overview
Messages
Build Orders
End
Construct Barracks
Riflemen Squad
Riflemen Squad
Riflemen Squad
Riflemen Squad
Infantry Support Center
Construct Medical Station
Construct Motor Pool
Selects Armored Battlegroup
Selects Fast Deploy
Selects Veteran Crews
M8 Greyhound Armored Car
Grenade Package
Engineer Squad
Selects M8 Scott SPG
M8 Scott SPG
M1918 Browning Automatic Rifles
M1 Anti-tank Gun Team
Selects UNKNOWN (2160077)
Selects M31 Recovery Vehicle
Riflemen Squad
M1 Anti-tank Gun Team
Construct Tank Depot
Selects War Machine
M4A3E8 Sherman Easy Eight
M31 Recovery Vehicle
M4A3E8 Sherman Easy Eight
Havoc
Reakly
0
0
Comments
sign in to comment!
No comments posted yet!